 Dungeon Crawl Stone Soup version 0.22-b1-26-g9dbaab1112 (webtiles) character file.

1095 Pisosu the Cudgeler (level 8, -6/70 HPs)
             Began as a Minotaur Fighter on Aug 9, 2018.
             Was an Initiate of Trog.
             Mangled by Pisosu's ghost (21 damage)
             ... on level 4 of the Dungeon.
             The game lasted 00:08:19 (4160 turns).

Pisosu the Cudgeler (Minotaur Fighter)              Turns: 4160, Time: 00:08:19

Health: -6/70      AC:  3    Str: 24    XL:     8   Next: 10%
Magic:  7/7        EV:  9    Int:  5    God:    Trog [......]
Gold:   260        SH: 10    Dex:  9    Spells: 7/7 levels left

rFire    . . .     SeeInvis .   q - +1 whip (elec)
rCold    . . .     Gourm    .   c - +0 shield
rNeg     . . .     Faith    .   l - +0 leather armour (curse)
rPois    .         Spirit   .   (helmet restricted)
rElec    .         Reflect  .   (no cloak)
rCorr    +         Harm     .   (no gloves)
MR       .....                  (no boots)
Stlth    +.........             (no amulet)
HPRegen  0.21/turn              p - ring of resist corrosion
MPRegen  0.10/turn              u - ring of wizardry

@: no status effects
A: retaliatory headbutt, horns 2
a: Renounce Religion


You were on level 4 of the Dungeon.
You worshipped Trog.
Trog was noncommittal.
You were near starving.

You visited 2 branches of the dungeon, and saw 5 of its levels.

You collected 260 gold pieces.

Inventory:

Hand Weapons
 q - a +1 whip of electrocution (weapon)
 v - a +2 whip of freezing
Armour
 b - a +0 scale mail
 c - a +0 shield (worn)
 l - a cursed +0 leather armour (worn)
 o - a +2 robe of magic resistance
Jewellery
 p - a ring of resist corrosion (left hand)
 s - an uncursed ring of stealth
 u - a ring of wizardry (right hand)
Scrolls
 e - 2 scrolls of enchant weapon
 g - 4 scrolls of amnesia
 h - a scroll of enchant armour
 i - 3 scrolls of identify
 k - a scroll of remove curse
 n - a scroll of teleportation {unknown}
 r - 3 scrolls of magic mapping
Potions
 a - a potion of magic {unknown}
 j - 3 potions of brilliance
 m - a potion of flight {unknown}
 t - a potion of curing {unknown}
Comestibles
 f - 11 rations


   Skills:
 + Level 6.0 Fighting
 + Level 7.4 Maces & Flails
 + Level 6.1 Armour
 + Level 6.6 Shields


You had 7 spell levels left.
You didn't know any spells.
Your spell library was empty.

Dungeon Overview and Level Annotations

Branches:
Dungeon (4/15)             Temple (1/1) D:4

Altars:
Ashenzari
Dithmenos
Hepliaklqana
Kikubaaqudgha
Makhleb
Nemelex Xobeh
Sif Muna
Trog
Uskayaw
Vehumet
Wu Jian
Lugonu

Annotations:
D:4 Pisosu's ghost, amateur MiFi


Innate Abilities, Weirdness & Mutations

You reflexively headbutt those who attack you in melee.
You have a pair of horns on your head.


Message History

Pisosu's ghost hits you!
Okay, then.
Okay, then.
Okay, then.
You barely miss Pisosu's ghost. Your headbutt misses Pisosu's ghost.
Pisosu's ghost is moderately damaged.
Pisosu's ghost hits you!
* * * LOW HITPOINT WARNING * * *
x2 Your shield prevents you from hitting Pisosu's ghost.
Your headbutt misses Pisosu's ghost.
Pisosu's ghost is moderately damaged.
Pisosu's ghost barely misses you. You furiously retaliate!
You headbutt Pisosu's ghost, but do no damage.
You barely miss Pisosu's ghost. Your headbutt misses Pisosu's ghost.
Pisosu's ghost is moderately damaged.
You are near starving!
You closely miss Pisosu's ghost. You headbutt Pisosu's ghost.
Pisosu's ghost is heavily damaged.
Pisosu's ghost hits you!!
You die...

.....# #.# #.#####........#
###### #.####.# #........#
############.#....# #........#
.............#.#### #........#
..(..........#.# #........#
.......p.....#.### ###........#
###..........#...####..........#
####.###########.#..##.........#
'....#..##......@W?8##.........#
######..##.......#..##.........#
...###..##.......#####.........#
.#......##.........#.#.........#
.#..###.##.........#.#.........##
....# #.##.........#.#.#'##.>....
##.####.##.........#.#.#.########
รท.............<....#.#.#.#
.#.#####.#.........#.#.#.#


You could see Pisosu's ghost.

Vanquished Creatures
  Pikel (D:4)
  Sigmund (D:3)
  A slave (D:4)
  A scorpion (D:4)
  2 centaur skeletons (D:4)
  A hound (D:4)
  An orc priest (D:4)
  An orc wizard (D:4)
  A bullfrog skeleton (D:4)
  A worker ant (D:4)
  A hound skeleton (D:4)
  3 gnolls (D:3)
  8 adders
  2 river rats (D:3)
  2 oozes
  An adder skeleton (D:4)
  A worm (D:2)
  A dart slug (D:1)
  3 leopard geckos
  7 orcs
  5 giant cockroaches
  8 goblins
  14 hobgoblins
  6 jackals
  6 kobolds
  6 quokkas
  A ball python (D:1)
  9 bats
  4 frilled lizards
  13 rats
112 creatures vanquished.

Vanquished Creatures (others)
  A howler monkey (D:4)
  An adder (D:4)
  A ball python (D:4)
  2 withered plants (D:4)
5 creatures vanquished.

Grand Total: 117 creatures vanquished

Notes
Turn   | Place    | Note
-------+----------+-------------------------------------------
     0 | D:1      | Pisosu the Minotaur Fighter began the quest for the Orb.
     0 | D:1      | Reached XP level 1. HP: 19/19 MP: 0/0
   214 | D:1      | Reached XP level 2. HP: 27/27 MP: 1/1
   628 | D:1      | Reached XP level 3. HP: 33/33 MP: 2/2
   869 | D:1      | You fall through a shaft!
   888 | D:2      | Reached skill level 3 in Maces & Flails
   940 | D:2      | Found a faded altar of an unknown god.
  1115 | D:2      | Found a transporter.
  1125 | D:2      | Reached XP level 4. HP: 39/40 MP: 3/3
  1212 | D:2      | Reached skill level 4 in Maces & Flails
  1375 | D:2      | Found a transporter.
  1379 | D:2      | Found a shadowy altar of Dithmenos.
  1642 | D:2      | Found an ornate altar of the Wu Jian Council.
  1894 | D:3      | Noticed Sigmund
  2041 | D:3      | Killed Sigmund
  2041 | D:3      | Reached skill level 5 in Maces & Flails
  2041 | D:3      | Reached skill level 5 in Armour
  2041 | D:3      | Reached skill level 5 in Shields
  2041 | D:3      | Reached XP level 5. HP: 24/47 MP: 4/4
  2041 | D:3      | Reached XP level 6. HP: 27/53 MP: 5/5
  2471 | D:3      | Found a hide-covered altar of Uskayaw.
  2645 | D:3      | Found a glowing drain.
  2944 | D:4      | Noticed Pikel
  2944 | D:4      | Noticed a slave
  2944 | D:4      | Noticed a slave
  2944 | D:4      | Noticed a slave
  2958 | D:4      | Killed a slave
  2967 | D:4      | Killed Pikel
  2967 | D:4      | Reached skill level 5 in Fighting
  2967 | D:4      | Reached skill level 6 in Maces & Flails
  2967 | D:4      | Reached XP level 7. HP: 43/62 MP: 6/6
  2978 | D:4      | Reached skill level 7 in Maces & Flails
  3195 | D:4      | Found a runed door.
  3196 | D:4      | Noticed Pisosu's ghost (amateur MiFi)
  3238 | D:4      | Found a sparkling altar of Nemelex Xobeh.
  3458 | D:4      | Reached XP level 8. HP: 6/70 MP: 7/7
  3915 | D:4      | Found a staircase to the Ecumenical Temple.
  3926 | Temple   | Entered the Ecumenical Temple
  3939 | Temple   | Became a worshipper of Trog the Wrathful
  3985 | D:4      | Found a radiant altar of Vehumet.
  3988 | D:4      | Found an ancient bone altar of Kikubaaqudgha.
  3989 | D:4      | Found a deep blue altar of Sif Muna.
  4160 | D:4      | Mangled by Pisosu's ghost

Skill      XL: |  1  2  3  4  5  6  7  8 |
---------------+-------------------------+-----
Armour         | 4 5 6 |  6.1
Fighting       | 4 5 6 |  6.0
Shields        | 4 5 6 |  6.6
Maces & Flails | 3 5 6 7 |  7.4

Action                   |  1- 3 |  4- 6 |  7- 9 || total
-------------------------+-------+-------+-------++-------
Melee: Flail             |    90 |    72 |       ||   162
       Headbutt          |    10 |    27 |    15 ||    52
       Whip              |       |    68 |    68 ||   136
  Use: Scroll            |       |       |     6 ||     6
       Potion            |       |       |     1 ||     1
  Eat: Chunk             |     1 |     6 |     2 ||     9
Armor: Scale mail        |    35 |    28 |       ||    63
       Leather armour    |       |    12 |     4 ||    16
Dodge: Dodged            |    34 |    41 |    16 ||    91
Block: Shield            |    41 |    76 |    10 ||   127
